 Dungeon Crawl Stone Soup version 0.26-a0-651-gb41185065b (webtiles) character file.

Game seed: 14993336147752797502

(classic levelgen) 20743 EnegeticOcto the Cleaver (level 12, -1/112 HPs)
             Began as a Deep Dwarf Fighter on Oct 9, 2020.
             Was a Priest of Makhleb.
             Slain by a centaur warrior (9 damage)
             ... on level 15 of the Dungeon.
             The game lasted 00:05:29 (6981 turns).

EnegeticOcto the Cleaver (Deep Dwarf Fighter)       Turns: 6981, Time: 00:05:30

Health: -1/112     AC: 22    Str: 24    XL:     12   Next: 48%
Magic:  5/5        EV: 10    Int: 10    God:    Makhleb [***...]
Gold:   597        SH: 12    Dex: 12    Spells: 11/11 levels left

rFire    . . .     SeeInvis .   a - +1 war axe
rCold    . . .     Faith    .   c - +0 kite shield
rNeg     . . .     Spirit   .   n - +0 plate armour
rPois    .         Reflect  .   i - +1 helmet
rElec    .         Harm     .   (no cloak)
rCorr    .         Rampage  .   (no gloves)
MR       +....                  h - +0 pair of boots
Stlth    ..........             (no amulet)
HPRegen  0.00/turn              m - +4 ring of protection
MPRegen  0.09/turn              D - +4 ring of evasion

@: non-regenerating
A: damage resistance, heal wounds, sense surroundings 2, no regeneration
a: Heal Wounds, Minor Destruction, Lesser Servant of Makhleb, Renounce Religion


You were on level 15 of the Dungeon.
You worshipped Makhleb.
Makhleb was most pleased with you.
You visited 2 branches of the dungeon, and saw 16 of its levels.

You collected 597 gold pieces.

Inventory:

Hand Weapons
 a - a +1 war axe (weapon)
Missiles
 u - 3 throwing nets (quivered)
Armour
 c - a +0 kite shield (worn)
 h - a +0 pair of boots (worn)
 i - a +1 helmet (worn)
 n - a +0 plate armour (worn)
Jewellery
 m - a +4 ring of protection (left hand)
 D - a +4 ring of evasion (right hand)
Wands
 b - a wand of enslavement (14)
Scrolls
 f - a scroll of immolation {@r4}
 l - 3 scrolls of magic mapping {@r5}
 t - 2 scrolls of identify {@r1}
 w - 2 scrolls of remove curse {@r2}
Potions
 d - a potion of magic {unknown}
 e - 2 potions of degeneration
 g - 2 potions of cancellation
 j - 2 potions of heal wounds {@q2}
 k - 7 potions of curing {@q1}
 o - a potion of stabbing {@q5}
 p - 3 potions of berserk rage
 q - 2 potions of mutation
 r - 2 potions of ambrosia
 s - a potion of haste {unknown}
 x - 2 potions of flight {unknown}
 z - 3 potions of lignification {unknown}
 A - a potion of brilliance {unknown}


   Skills:
 + Level 8.7 Fighting
 * Level 13.5 Axes
 + Level 10.3 Armour
 + Level 10.3 Shields
 + Level 8.6 Invocations


You had 11 spell levels left.
You didn't know any spells.
Your spell library was empty.

Dungeon Overview and Level Annotations

Branches:
Dungeon (14/15)            Temple (1/1) D:7            Lair (0/6) D:11
    Orc (0/2) D:9
 Vaults: D:13-14

Altars:
Ashenzari
Dithmenos
Fedhas
Gozag
Hepliaklqana
Kikubaaqudgha
Makhleb
Okawaru
Qazlal
Sif Muna
Trog
Uskayaw
Vehumet
Wu Jian
Xom
Yredelemnul
Zin
The Shining One
Beogh

Shops:
D:9 (


Innate Abilities, Weirdness & Mutations

You are resistant to damage.
You can heal yourself by infusing magical energy.
You passively map the area around you.
You do not regenerate.


Message History

You slash the manticore!
The manticore is severely wounded.
You hit the komodo dragon but do no damage.
The centaur warrior shoots an arrow.
The arrow completely misses you.
The arrow hits the manticore!
The manticore dies!
The komodo dragon bites you!
The centaur warrior shoots an arrow.
You block the arrow.
You are too injured to fight recklessly!
You are too injured to fight recklessly!
You are too injured to fight recklessly!
You are too injured to fight recklessly!
You are too injured to fight recklessly!
You are too injured to fight recklessly!
You are too injured to fight recklessly!
You are too injured to fight recklessly!
You are too injured to fight recklessly!
You are too injured to fight recklessly!
You are too injured to fight recklessly!
You are too injured to fight recklessly!
You are too injured to fight recklessly!
You are too injured to fight recklessly!
You are too injured to fight recklessly!
You are too injured to fight recklessly!
You are too injured to fight recklessly!
You are too injured to fight recklessly!
You are too injured to fight recklessly!
You are too injured to fight recklessly!
You are too injured to fight recklessly!
You are too injured to fight recklessly!
You are too injured to fight recklessly!
You are too injured to fight recklessly!
You are too injured to fight recklessly!
You are too injured to fight recklessly!
You are too injured to fight recklessly!
You are too injured to fight recklessly!
You are too injured to fight recklessly!
There are monsters nearby!
There are monsters nearby!
There are monsters nearby!
There are monsters nearby!
There are monsters nearby!
There are monsters nearby!
There are monsters nearby!
There are monsters nearby!
There are monsters nearby!
There are monsters nearby!
There are monsters nearby!
There are monsters nearby!
There are monsters nearby!
There are monsters nearby!
There are monsters nearby!
There are monsters nearby!
There are monsters nearby!
There are monsters nearby!
There are monsters nearby!
The komodo dragon bites you!
The centaur warrior shoots an arrow.
The arrow closely misses you.
The centaur warrior shoots an arrow.
You block the arrow. The komodo dragon barely misses you.
The centaur warrior shoots an arrow.
The arrow hits you!
* * * LOW HITPOINT WARNING * * *
You block the komodo dragon's attack.
The centaur warrior shoots an arrow.
The arrow hits you!
* * * LOW HITPOINT WARNING * * *
The centaur warrior shoots an arrow.
The arrow hits you. The komodo dragon bites you!
* * * LOW HITPOINT WARNING * * *
The centaur warrior shoots an arrow.
You block the arrow. The komodo dragon bites you.
The centaur warrior shoots an arrow.
The arrow barely misses you. You block the komodo dragon's attack.
The centaur warrior shoots an arrow.
The arrow hits you.
* * * LOW HITPOINT WARNING * * *
The komodo dragon bites you but does no damage.
The centaur warrior shoots an arrow.
You block the arrow. You block the komodo dragon's attack.
The centaur warrior shoots an arrow.
You block the arrow. The komodo dragon barely misses you.
The centaur warrior shoots an arrow.
You block the arrow.
The centaur warrior shoots an arrow.
You block the arrow. The komodo dragon bites you.
* * * LOW HITPOINT WARNING * * *
The komodo dragon barely misses you.
The centaur warrior unwields a +0 shortbow.
The centaur warrior hits you.
The komodo dragon bites you but does no damage.
The centaur warrior hits you.
The centaur warrior hits you but does no damage.
You block the komodo dragon's attack.
The centaur warrior hits you but does no damage.
You block the komodo dragon's attack.
The centaur warrior hits you but does no damage.
The centaur warrior completely misses you.
You block the komodo dragon's attack. You block the centaur warrior's attack.
The komodo dragon completely misses you.
The centaur warrior hits you but does no damage.
The centaur warrior hits you!
You die...

, ,, ,,,, , , , *
, ,
,.............#**
,.............# ,
, , ,,
.............# ,,
,,, ,,,
.............# ,
, ,
.............###
* * *
#.............. ,
#..............,,
,, ,
#.(..(@c....... ,
, #.....l........
,, ,
#..............,
, #..............
,
.......#########
* + , ....... ,
....... * , ,, ,
....... , , , ,


You could see a centaur warrior and a komodo dragon.

Vanquished Creatures
  A rakshasa (D:14)
  Harold (D:7)
  A centaur warrior (D:11)
  4 two-headed ogres
  7 death yaks (D:11)
  A wizard (D:14)
  A wolf spider (D:14)
  3 ugly things
  Joseph (D:8)
  A kobold demonologist (D:11)
  2 trolls
  A meliai zombie (D:11)
  A spriggan (D:7)
  A wraith (D:10)
  3 wyverns
  3 yaks (D:11)
  Grum (D:8)
  2 vampire mosquitoes (D:12)
  Menkaure (D:7)
  2 water moccasins
  Duvessa (D:7)
  3 orc warriors
  A black bear (D:6)
  4 sky beasts
  7 ice beasts
  An eye of draining (D:11)
  A phantom (D:6)
  6 ogres
  3 wolves (D:8)
  5 centaurs
  A crocodile (D:11)
  3 big kobolds
  7 bullfrogs
  A wyvern skeleton (D:7)
  3 scorpions
  A water moccasin skeleton (D:6)
  Dowan (D:7)
  3 killer bees (D:9)
  A howler monkey (D:7)
  5 wights (D:8)
  A bullfrog zombie (D:8)
  4 centaur zombies
  A quasit (D:7)
  2 bullfrog skeletons
  6 hounds
  3 jellies
  10 orc wizards
  6 orc priests
  2 centaur skeletons
  An iguana (D:5)
  6 worker ants
  A hound zombie (D:5)
  A hound skeleton (D:3)
  3 worker ant zombies
  6 gnolls
  A howler monkey skeleton (D:5)
  8 adders
  2 shadow imps
  5 white imps
  2 ufetubi
  An ooze (D:2)
  2 adder zombies
  3 adder skeletons
  4 worms
  5 leopard geckos
  29 orcs
  3 giant cockroaches
  2 hobgoblins
  6 jackals
  29 kobolds
  3 quokkas
  2 ball pythons
  2 bats
  5 frilled lizards
  A goblin (D:3)
  A jackal skeleton (D:6)
  3 leopard gecko skeletons
  3 rats
271 creatures vanquished.

Vanquished Creatures (collateral kills)
  3 orcs (D:9)
3 creatures vanquished.

Vanquished Creatures (others)
  A manticore (D:15)
  A centaur (D:6)
  A bullfrog (D:6)
  A worker ant (D:13)
  An adder (D:6)
  A white imp (D:8)
  17 plants
23 creatures vanquished.

Grand Total: 297 creatures vanquished

Notes
Turn   | Place    | Note
-------+----------+-------------------------------------------
     0 | D:1      | EnegeticOcto the Deep Dwarf Fighter began the quest for the
                  | Orb.
     0 | D:1      | Reached XP level 1. HP: 20/20 MP: 1/1
   410 | D:2      | Reached XP level 2. HP: 22/27 MP: 2/2
   468 | D:2      | Found an ancient bone altar of Kikubaaqudgha.
   494 | D:2      | Reached skill level 3 in Axes
   494 | D:2      | Reached XP level 3. HP: 21/33 MP: 3/3
   575 | D:3      | Reached XP level 4. HP: 40/42 MP: 4/4
   613 | D:3      | Found a broken altar of Ashenzari.
   613 | D:3      | Found a hazy altar of Hepliaklqana.
   678 | D:3      | Reached skill level 4 in Axes
   678 | D:3      | Reached XP level 5. HP: 39/49 MP: 5/5
  1251 | D:4      | Found a shimmering blue altar of Sif Muna.
  1454 | D:5      | Entered Level 5 of the Dungeon
  1543 | D:5      | Reached XP level 6. HP: 41/56 MP: 6/6
  1620 | D:5      | Reached skill level 5 in Axes
  1661 | D:5      | Noticed an ice beast
  1673 | D:5      | Killed an ice beast
  1673 | D:5      | Reached skill level 5 in Armour
  1673 | D:5      | Reached XP level 7. HP: 53/64 MP: 5/5
  1704 | D:5      | Reached skill level 5 in Shields
  1710 | D:5      | Reached skill level 6 in Axes
  1743 | D:5      | Identified the cursed +0 long sword of Undoing {venom,
                  | rPois rF- rC- rN+++ SInv}
  2123 | D:6      | Reached XP level 8. HP: 55/73 MP: 5/5
  2132 | D:6      | Reached skill level 7 in Axes
  2175 | D:6      | Reached skill level 5 in Fighting
  2176 | D:6      | Found a broken altar of Ashenzari.
  2251 | D:6      | Reached skill level 8 in Axes
  2336 | D:6      | Found a shimmering altar of Xom.
  2388 | D:6      | Gained mutation: You passively map the area around you.
                  | [Deep Dwarf growth]
  2388 | D:6      | Reached XP level 9. HP: 48/81 MP: 4/4
  2805 | D:7      | Noticed Duvessa
  2805 | D:7      | Noticed Dowan
  2818 | D:7      | Killed Dowan
  2821 | D:7      | Killed Duvessa
  2821 | D:7      | Reached skill level 9 in Axes
  2910 | D:7      | Noticed Menkaure
  2922 | D:7      | Killed Menkaure
  2992 | D:7      | Found a staircase to the Ecumenical Temple.
  3023 | Temple   | Entered the Ecumenical Temple
  3075 | Temple   | Became a worshipper of Makhleb the Destroyer
  3234 | D:7      | Found a glowing silver altar of Zin.
  3236 | D:7      | Found a radiant altar of Vehumet.
  3258 | D:7      | Reached skill level 1 in Invocations
  3389 | D:7      | Reached * piety under Makhleb
  3486 | D:7      | Noticed Harold
  3500 | D:7      | Killed Harold
  3500 | D:7      | Reached skill level 10 in Axes
  3500 | D:7      | Reached XP level 10. HP: 64/92 MP: 3/5
  3844 | D:8      | Noticed Grum
  3880 | D:8      | Killed Grum
  3975 | D:8      | Found a basalt altar of Yredelemnul.
  3996 | D:8      | Found a glowing golden altar of the Shining One.
  4011 | D:8      | Noticed an angel
  4074 | D:8      | Reached ** piety under Makhleb
  4120 | D:8      | Found an opulent altar of Gozag.
  4403 | D:8      | Noticed Joseph
  4418 | D:8      | Killed Joseph
  4772 | D:9      | Found a staircase to the Orcish Mines.
  4807 | D:9      | Found an iron altar of Okawaru.
  4893 | D:9      | Reached skill level 11 in Axes
  4935 | D:9      | Found Geagrui's Weapon Shop.
  4950 | D:9      | Found an ornate altar of the Wu Jian Council.
  5007 | D:9      | Found a roughly hewn altar of Beogh.
  5130 | D:10     | Entered Level 10 of the Dungeon
  5343 | D:10     | Reached skill level 5 in Invocations
  5374 | D:10     | Reached *** piety under Makhleb
  5449 | D:10     | Noticed a two-headed ogre
  5458 | D:10     | Killed a two-headed ogre
  5596 | D:10     | Found a shimmering blue altar of Sif Muna.
  5601 | D:10     | Reached XP level 11. HP: 77/100 MP: 7/7
  5853 | D:11     | Noticed a cyan ugly thing
  5854 | D:11     | Noticed a death yak
  5854 | D:11     | Noticed a death yak
  5856 | D:11     | Noticed a centaur warrior
  5859 | D:11     | Noticed a death yak
  5859 | D:11     | Noticed a death yak
  5860 | D:11     | Noticed a death yak
  5861 | D:11     | Noticed a death yak
  5863 | D:11     | Noticed a death yak
  5873 | D:11     | Killed a centaur warrior
  5885 | D:11     | Killed a cyan ugly thing
  5888 | D:11     | Killed a death yak
  5891 | D:11     | Killed a death yak
  5891 | D:11     | Reached skill level 12 in Axes
  5894 | D:11     | Killed a death yak
  5903 | D:11     | Killed a death yak
  5908 | D:11     | Killed a death yak
  5911 | D:11     | Killed a death yak
  5915 | D:11     | Killed a death yak
  6116 | D:11     | Noticed a two-headed ogre
  6133 | D:11     | Killed a two-headed ogre
  6187 | D:11     | Noticed a green ugly thing
  6213 | D:11     | Killed a green ugly thing
  6222 | D:11     | Noticed a two-headed ogre
  6234 | D:11     | Reached XP level 12. HP: 80/111 MP: 7/7
  6244 | D:11     | Killed a two-headed ogre
  6333 | D:11     | Reached skill level 13 in Axes
  6401 | D:11     | Found a staircase to the Lair.
  6562 | D:11     | You fall into a shaft and drop 3 floors!
  6589 | D:14     | Noticed a two-headed ogre
  6593 | D:14     | Reached skill level 10 in Armour
  6605 | D:14     | Killed a two-headed ogre
  6605 | D:14     | Reached skill level 10 in Shields
  6671 | D:14     | Noticed a rakshasa
  6732 | D:14     | Killed a rakshasa
  6953 | D:12     | You fall into a shaft and drop 3 floors!
  6953 | D:15     | Entered Level 15 of the Dungeon
  6953 | D:15     | Noticed a centaur warrior
  6981 | D:15     | Slain by a centaur warrior

Illustrated notes

Levels and vault maps discovered:
D:1:      minmay_arrival_glassed_features, layout_basic, minmay_tetromino_t2
D:2:      layout_loops_cross, lemuel_doored_altar, old_standard_altar,
          minmay_bisected, uniq_crazy_yiuf_cottage
D:3:      layout_basic, chequers_temple_overflow_statue_of_worship,
          serial_undead, serial_undead_a, serial_undead_e, serial_undead_b,
          serial_undead_c, serial_undead_d, serial_undead_a,
          minmay_fractal_squares_gapless_5
D:4:      layout_basic, overflow_temple_1_default, dk_vineyard_3
D:5:      layout_basic, serial_bayou_lagoon_b
D:6:      layout_cave_pools, xom_confusion_cloud, hangedman_glass_teeth,
          evilmike_ruin_ashenzari
D:7:      kennysheep_kobold_camp, layout_gridville,
          nicolae_overflow_hidden_temple, minmay_temple_entry_ruins,
          minmay_misc_feat_square, the_bakery, uniq_menkaure, uniq_duvessa,
          uniq_harold
D:8:      layout_loops_cross, grunt_temple_overflow_holy_war,
          kennysheep_mini_moat, chequers_serial_rivers_room_b,
          grunt_gozag_breadcrumbs, uniq_grum, uniq_joseph
D:9:      layout_big_octagon, nicolae_overflow_crystal_walls,
          lemuel_crystal_altar, minmay_orc_entry_temple_small, serial_shops,
          shop
D:10:     kennysheep_orc_sif_temple, layout_basic
D:11:     layout_stronghold, dpeg_lair_monsters, corexii_corridor_pit
D:12:     layout_long_grid
D:13:     layout_basic, david_vaults_5, lemuel_nasty_fountain
D:14:     layout_stronghold, minmay_misc_feat_pillars, uniq_frances
D:15:     grunt_enter_depths_giant_problem, layout_gridville, basic_altar,
          einodemon_crawler_minivault
Temple:   compressed_dpeg_triangle_lava_temple

Skill      XL: |  1  2  3  4  5  6  7  8  9 10 11 12 |
---------------+-------------------------------------+-----
Axes           | 3 4 5 6 8 10 11 12 13 | 13.5
Fighting       | 3 4 5 6 7 8 |  8.7
Shields        | 4 5 6 7 8 9 10 | 10.3
Armour         | 4 5 6 7 8 9 10 | 10.3
Invocations    | 2 5 7 8 |  8.6

Action                   |  1- 3 |  4- 6 |  7- 9 | 10-12 || total
-------------------------+-------+-------+-------+-------++-------
Melee: War axe           |    83 |   153 |   387 |   589 ||  1212
Invok: Lesser Servant of |       |       |       |     1 ||     1
 Abil: Heal Wounds       |     1 |     7 |    17 |    30 ||    55
  Use: Scroll            |       |       |    12 |     9 ||    21
       Potion            |       |       |       |     1 ||     1
Armor: Scale mail        |    30 |     7 |       |       ||    37
       Plate armour      |       |    65 |   220 |   359 ||   644
Dodge: Dodged            |    31 |    24 |    64 |   187 ||   306
Block: Kite shield       |    34 |    74 |   231 |   389 ||   728

Table legend: (Time is in decaauts)
 A = Elapsed time spent in this place.
 B = Non-inter-level travel time spent in this place.
 C = Inter-level travel time spent in this place.
 D = Time resting spent in this place.
 E = Time spent auto-exploring this place.
 F = Levels seen in this place.
 G = Mean time per level.
                   A        B        C        D        E       F      G
               +--------+--------+--------+--------+--------+-----+--------+
         Total |   7117 |   6754 |    363 |      0 |   4662 |  16 |  444.8 |
       Dungeon |   7053 |   6710 |    343 |      0 |   4621 |  15 |  470.2 |
        Temple |     63 |     43 |     20 |      0 |     41 |   1 |   63.0 |
               +--------+--------+--------+--------+--------+-----+--------+

Top non-repeatable levels by time:
     D:7: 1029 daAuts
     D:8: 805 daAuts
     D:4: 757 daAuts
    D:10: 734 daAuts
     D:6: 704 daAuts
    D:11: 694 daAuts
     D:5: 682 daAuts
     D:9: 485 daAuts
     D:1: 386 daAuts
     D:3: 228 daAuts
    D:14: 171 daAuts
    D:13: 156 daAuts
     D:2: 145 daAuts
  Temple: 63 daAuts
    D:12: 45 daAuts
